 Dungeon Crawl Stone Soup version 0.20.0-7-g3b7b877 (webtiles) character file.

146 McKennaii the Sneak (level 5, -1/35 HPs)
             Began as an Octopode Assassin on May 28, 2017.
             Slain by an adder (3 damage)
             ... on level 2 of the Dungeon.
             The game lasted 00:03:17 (2644 turns).

McKennaii the Sneak (Octopode Assassin)             Turns: 2644, Time: 00:03:17

Health: -1/35      AC:  1    Str: 10    XL:     5   Next: 28%
Magic:  14/14      EV: 12    Int: 14    God:
Gold:   154        SH:  0    Dex: 14    Spells: 4/4 levels left

rFire    . . .     SeeInvis .   m - +2 dagger (speed)
rCold    . . .     Gourm    .   (no shield)
rNeg     . . .     Faith    .   (helmet restricted)
rPois    .         Spirit   .   (no amulet)
rElec    .         Reflect  .   p - ring of magical power
rCorr    .         Harm     .   (no ring)
MR       .....                  (no ring)
Stlth    ++++......             (no ring)
Regen    0.2/turn               (no ring)
MPRegen  0.2/turn               (no ring)
                                (no ring)
                                (no ring)

@: heavily drained
A: almost no armour, stealthy swim, amphibious, 8 rings, constrict 8, camouflage
1, gelatinous body 1
a: no special abilities


You were on level 2 of the Dungeon.
You were not hungry.

You visited 1 branch of the dungeon, and saw 3 of its levels.

You collected 154 gold pieces.

Inventory:

Hand Weapons
 b - a +0 blowgun
 m - a +2 dagger of speed (weapon)
Missiles
 c - 8 poisoned needles (quivered)
 d - 2 curare-tipped needles
Jewellery
 a - an uncursed amulet of harm
 p - a ring of magical power (left tentacle)
Scrolls
 e - 4 scrolls of identify {unknown}
 i - a scroll of enchant weapon {unknown}
 j - 2 scrolls of blinking {unknown}
 l - 2 scrolls of teleportation {unknown}
 n - a scroll of immolation {unknown}
 o - 4 scrolls of remove curse {unknown}
 q - a scroll of random uselessness {unknown}
Potions
 g - a potion of might {unknown}
 h - 4 potions of degeneration {unknown}
 r - a potion of mutation {unknown}
 t - a potion of lignification {unknown}
Comestibles
 f - 2 bread rations
 k - 2 royal jellies
 u - a meat ration


   Skills:
 + Level 2.4(1.3) Fighting
 + Level 2.7(1.5) Short Blades
 + Level 2.2(1.1) Throwing
 + Level 1.8(0.6) Dodging
 + Level 7.6(6.2) Stealth


You had 4 spell levels left.
You didn't know any spells.

Dungeon Overview and Level Annotations

Branches:
Dungeon (3/15)

Altars:
Elyvilon
The Shining One

Annotations:
D:3 McKennaii's ghost, amateur OpAs


Innate Abilities, Weirdness & Mutations

You cannot wear most types of armour.
You are very stealthy in the water. (Stealth+)
You are amphibious.
You can wear up to eight rings at the same time.
You can use your tentacles to constrict eight enemies at once.
Your skin changes colour to match your surroundings (Stealth+).
Your rubbery body absorbs attacks. (AC +1, EV +1)


Message History

You kill the orc!
The orc hits you with a whip.
You hit the orc. Your grab misses the orc.
The orc is severely wounded.
You closely miss the orc. Your grab misses the orc.
The orc is severely wounded.
You hit the orc. You grab the orc.
The orc is lightly wounded.
You constrict the orc. The orc hits you with a flail!
You release your grip on the orc.
The orc misses you.
There is a stone staircase leading up here.
The adder bites you. The orc barely misses you. The orc hits you with a flail!
* * * LOW HITPOINT WARNING * * *
You climb upwards.
All of the chunks of flesh in your inventory have rotted away.
There is a stone staircase leading down here.
You miss the adder. Your grab misses the adder. You squeeze the adder.
The adder is lightly wounded.
The adder bites you.
You die...

#######..###.#####.######
# #..# #............# #
#..# ####)#######.### #
#..# #.# #.....# ## #..#
#.#####.###.###.
#..######.......# #.....
#..#..(##.#####.###.###.
#..#.#o##.####.......###
#....#o@................
#..#####S#####.##.##.###
##...#...# #.##.##.#
#.#.#.### #....##.#
#.#...#######.....#.#
#..........##....##.#
####.#.#.#.##.#.###.###
#.....>....#.# #....
###<#.#.####.# #####


You could see an adder and 2 orcs.

Vanquished Creatures
  An orc priest (D:3)
  3 adders (D:2)
  2 dart slugs
  6 leopard geckos
  2 orcs (D:3)
  8 giant cockroaches
  12 goblins
  8 hobgoblins
  8 bats
  2 frilled lizards
  9 kobolds
  10 rats
71 creatures vanquished.

Notes
Turn   | Place    | Note
-------+----------+-------------------------------------------
     0 | D:1      | McKennaii the Octopode Assassin began the quest for the Orb.
     0 | D:1      | Reached XP level 1. HP: 14/14 MP: 1/1
   264 | D:1      | Reached XP level 2. HP: 19/19 MP: 2/2
   433 | D:1      | Reached skill level 6 in Stealth
   436 | D:1      | Reached XP level 3. HP: 8/24 MP: 3/3
  1460 | D:2      | Reached XP level 4. HP: 21/30 MP: 4/4
  1674 | D:2      | Found a glowing golden altar of the Shining One.
  1681 | D:2      | Found a white marble altar of Elyvilon.
  1899 | D:2      | Reached skill level 7 in Stealth
  2419 | D:3      | Noticed McKennaii's ghost (amateur OpAs)
  2635 | D:3      | Reached XP level 5. HP: 26/35 MP: 5/5
  2644 | D:2      | Slain by an adder

Skill      XL: |  1  2  3  4 |
---------------+-------------+-----
Stealth        | 6 7 |  7.6
Fighting       | |  2.4
Short Blades   | |  2.7
Throwing       | |  2.2
Dodging        | |  1.8

Action                   |  1- 3 |  4- 6 || total
-------------------------+-------+-------++-------
Melee: Dagger            |    73 |    68 ||   141
       Constrict         |    17 |    16 ||    33
       Tentacles         |     7 |     9 ||    16
 Stab: Sleeping          |    17 |     8 ||    25
  Eat: Chunk             |     1 |     4 ||     5
Armor: Skin              |     5 |     4 ||     9
Dodge: Dodged            |    41 |    37 ||    78
